 Dungeon Sprint DCSS version 0.27-a0-1228-gfd60fd639a (webtiles) character file.

Game seed: 13515284423860033969

168366 mhtbhm the Archmage (level 17, -1/90 HPs)
             Began as a Deep Elf Earth Elementalist on June 7, 2021.
             Was the Champion of Vehumet.
             Killed from afar by an orb of fire (33 damage)
             ... with a fireball
             ... in the Dungeon (Sprint VII: "The Pits").
             The game lasted 00:30:17 (8431 turns).

mhtbhm the Archmage (Deep Elf Earth Elementalist)   Turns: 8431, Time: 00:30:18

Health: -1/90      AC: 19    Str:  7    XL:     17   Next: 33%
Magic:  19/50      EV: 28    Int: 39    God:    Vehumet [******]
Gold:   44         SH:  5    Dex: 18    Spells: 10/70 levels left

rFire    + . .     SeeInvis +   a - +2 dire flail of Tajuajecs {vamp, rN+ Str+2 Dex+3 Stlth+}
rCold    + . .     Faith    .   (shield currently unavailable)
rNeg     + + .     Spirit   .   c - +2 robe {Will+}
rPois    .         Reflect  +   x - +4 helmet
rElec    +         Harm     .   D - +2 cloak of Neemig {rN+}
rCorr    .         Rampage  .   w - +4 pair of gloves
Will     +++..     NoTele   +   K - +1 pair of boots
Stlth    ++++++++..             A - amulet of Lijosch {Reflect +Blink Int+2 Slay+2 SH+5}
HPRegen  0.25/turn              O - ring of Ethoa {rElec rC+ Will+ Int+4 SInv}
MPRegen  0.32/turn              R - ring "Haipn" {rF+ EV+6 Int+5}

@: studying 3 skills
A: deterioration 1
a: Renounce Religion, Evoke Blink


You were in the Dungeon.
You worshipped Vehumet.
Vehumet was exalted by your worship.
You visited 1 branch You collected 44 gold pieces.

Inventory:

Hand Weapons
 a - the +2 dire flail of Tajuajecs (weapon) {vamp, rN+ Str+2 Dex+3 Stlth+}
   (You found it in the Dungeon)

   It inflicts no extra harm, but heals its wielder when it wounds a living foe.
   It affects your strength (+2).
   It affects your dexterity (+3).
   It protects you from negative energy.
   It makes you more stealthy.
 G - the +0 executioner's axe "Taheifim" {pain, rElec rPois Will+ rCorr Str-3}
   (You found it in the Dungeon)

   In the hands of one skilled in necromantic magic, it inflicts extra damage on
   living creatures.
   It affects your strength (-3).
   It insulates you from electricity.
   It protects you from poison.
   It protects you from acid and corrosion.
   It increases your willpower.
Missiles
 b - 79 stones
 p - 5 curare-tipped darts (quivered)
Armour
 c - a +2 robe of willpower (worn)
 w - a +4 pair of gloves (worn)
 x - a +4 helmet (worn)
 D - the +2 cloak of Neemig (worn) {rN+}
   (You found it in the Dungeon)

   It protects you from negative energy.
 K - a +1 pair of boots (worn)
Magical Staves
 l - a staff of earth
Jewellery
 y - the ring "Banaf" {rF+++ Will+ Int-2 Dex-2 Slay+5}
   (You found it in the Dungeon)

   [ring of slaying]

   It affects your intelligence (-2).
   It affects your dexterity (-2).
   It affects your accuracy and damage with ranged weapons and melee attacks
   (+5).
   It renders you almost immune to fire.
   It increases your willpower.
 A - the amulet of Lijosch (around neck) {Reflect +Blink Int+2 Slay+2 SH+5}
   (You found it in the Dungeon)

   [amulet of reflection]

   It reflects blocked missile attacks.
   It affects your intelligence (+2).
   It affects your accuracy and damage with ranged weapons and melee attacks
   (+2).
   It lets you blink.
   It affects your SH (+5).
 E - the ring "Yvamnenk" {rElec rF+ Str+4 Stlth+}
   (You found it in the Dungeon)

   [ring of protection from fire]

   It affects your strength (+4).
   It protects you from fire.
   It insulates you from electricity.
   It makes you more stealthy.
 F - the ring of Pegapadi {Drain rPois rF+ Will++ SInv}
   (You found it in the Dungeon)

   [ring of protection from fire]

   It protects you from fire.
   It protects you from poison.
   It lets you see invisible.
   It drains your maximum health when unequipped.
   It greatly increases your willpower.
 H - the ring "Uptimuth" {rPois Will- rCorr Dex+7 SInv}
   (You found it in the Dungeon)

   [ring of see invisible]

   It affects your dexterity (+7).
   It protects you from poison.
   It lets you see invisible.
   It protects you from acid and corrosion.
   It decreases your willpower.
 I - the ring "Badohang" {rC+++ rN+ EV+4 Str+4}
   (You found it in the Dungeon)

   [ring of evasion]

   It affects your evasion (+4).
   It affects your strength (+4).
   It renders you almost immune to cold.
   It protects you from negative energy.
 J - the ring "Nyulut" {rF+ rCorr}
   (You found it in the Dungeon)

   [ring of resist corrosion]

   It protects you from fire.
   It protects you from acid and corrosion.
 M - the amulet "Fiutyu Wanats" {Reflect rN+ Int+4 SH+5}
   (You found it in the Dungeon)

   [amulet of reflection]

   It reflects blocked missile attacks.
   It affects your intelligence (+4).
   It protects you from negative energy.
   It affects your SH (+5).
 O - the ring of Ethoa (left hand) {rElec rC+ Will+ Int+4 SInv}
   (You found it in the Dungeon)

   [ring of see invisible]

   It affects your intelligence (+4).
   It protects you from cold.
   It insulates you from electricity.
   It lets you see invisible.
   It increases your willpower.
 Q - the ring of the Immovable Mystics {rPois rF+ Str+6 Stlth+}
   (You found it in the Dungeon)

   [ring of strength]

   It affects your strength (+6).
   It protects you from fire.
   It protects you from poison.
   It makes you more stealthy.
 R - the ring "Haipn" (right hand) {rF+ EV+6 Int+5}
   (You found it in the Dungeon)

   [ring of evasion]

   It affects your evasion (+6).
   It affects your intelligence (+5).
   It protects you from fire.
Wands
 f - a wand of charming (12)
 n - a wand of iceblast (7)
Scrolls
 i - a scroll of blinking
 j - 5 scrolls of amnesia
 k - 2 scrolls of fog
 r - 4 scrolls of enchant weapon
 s - 2 scrolls of enchant armour
 t - 2 scrolls of fear
Potions
 d - 11 potions of curing
 e - 19 potions of heal wounds
 g - 5 potions of magic
 h - 6 potions of berserk rage
 m - 2 potions of brilliance
 o - a potion of lignification {unknown}
 q - 7 potions of haste
 u - 6 potions of might
 v - 5 potions of mutation
Miscellaneous
 z - a phial of floods
 B - a box of beasts
 C - a lightning rod (4/4)


   Skills:
 - Level 4.3 Fighting
 + Level 15.3 Dodging
 * Level 17.2 Stealth
 O Level 27 Spellcasting
 + Level 20.3 Conjurations
 + Level 3.6 Hexes
 + Level 2.2 Summonings
 - Level 12.7 Transmutations
 O Level 27 Fire Magic
 O Level 27 Earth Magic
 + Level 20.0 Evocations


You had 10 spell levels left.
You knew the following spells:

 Your Spells              Type           Power      Damage    Failure   Level
a - Sandblast             Erth           100%       2d20      0%          1
b - Foxfire               Conj/Fire      100%       2x1d9     0%          1
c - Stone Arrow           Conj/Erth      100%       3d13      0%          3
d - Lee's Rapid Deconstr  Erth           66%        3d31*     0%          5
e - Petrify               Tmut/Erth      100%       N/A       0%          4
f - Inner Flame           Hex/Fire       100%       N/A       0%          3
g - Fireball              Conj/Fire      63%        3d24      0%          5
h - Iron Shot             Conj/Erth      63%        9d12      0%          6
i - Spellforged Servitor  Conj/Summ      48%        N/A       1%          7
j - Lehudib's Crystal Sp  Conj/Erth      63%        10d14     1%          8
k - Shatter               Erth           66%        3d49*     1%          9
l - Ignition              Fire           66%        3d18      1%          8

Your spell library contained the following spells:

 Spells                   Type           Power      Damage    Failure   Level
 Beastly Appendage        Tmut           100%       N/A       0%          1
 Magic Dart               Conj           100%       1d8       0%          1
 Shock                    Conj/Air       100%       1d9       0%          1
 Passwall                 Tmut/Erth      98%        N/A       0%          2
 Static Discharge         Conj/Air       93%        N/A       0%          2
 Wereblood                Tmut           100%       N/A       0%          2
 Conjure Flame            Conj/Fire      100%       6-21      0%          3
 Ignite Poison            Fire/Tmut/Pois 100%       N/A       0%          3
 Irradiate                Conj/Tmut      55%        3d31      0%          5
 Starburst                Conj/Fire      63%        8x6d17    0%          6
 Animate Skeleton         Necr           100%       N/A       1%          1
 Apportation              Tloc           100%       N/A       1%          1
 Corona                   Hex            76%        N/A       1%          1
 Pain                     Necr           100%       1d9       1%          1
 Sting                    Tmut/Pois      100%       1d8       1%          1
 Summon Small Mammal      Summ           100%       N/A       1%          1
 Blink                    Tloc           N/A        N/A       1%          2
 Call Imp                 Summ           63%        N/A       1%          2
 Slow                     Hex            69%        N/A       1%          2
 Sublimation of Blood     Necr           25%        N/A       1%          2
 Call Canine Familiar     Summ           63%        N/A       1%          3
 Lesser Beckoning         Tloc           25%        N/A       1%          3
 Mephitic Cloud           Conj/Pois/Air  81%        N/A       1%          3
 Ozocubu's Armour         Ice            51%        N/A       1%          3
 Spider Form              Tmut/Pois      40%        N/A       1%          3
 Summon Guardian Golem    Hex/Summ       66%        N/A       1%          3
 Tukima's Dance           Hex            69%        N/A       1%          3
 Ice Form                 Ice/Tmut       80%        N/A       1%          4
 Olgreb's Toxic Radiance  Pois           51%        N/A       1%          4
 Summon Ice Beast         Ice/Summ       57%        N/A       1%          4
 Summon Lightning Spire   Summ/Air       57%        N/A       1%          4
 Alistair's Intoxication  Tmut/Pois      53%        N/A       1%          5
 Borgnjor's Vile Clutch   Necr/Erth      51%        N/A       1%          5
 Hydra Form               Tmut           50%        N/A       1%          5
 Eringya's Noxious Bog    Tmut/Pois      40%        N/A       1%          6
 Freezing Cloud           Conj/Ice/Air   40%        6-21      1%          6
 Animate Dead             Necr           25%        N/A       3%          4
 Invisibility             Hex            34%        N/A       12%         6
 Death Channel            Necr           25%        N/A       45%         6
 Simulacrum               Ice/Necr       25%        N/A       45%         6
 Ozocubu's Refrigeration  Ice            25%        4d10      54%         7


Dungeon Overview and Level Annotations

Branches:
Dungeon (1/1)

Altars:
Ashenzari
Cheibriados
Dithmenos
Elyvilon
Fedhas
Gozag
Hepliaklqana
Kikubaaqudgha
Makhleb
Nemelex Xobeh
Okawaru
Qazlal
Ru
Sif Muna
Trog
Uskayaw
Vehumet
Wu Jian
Xom
Yredelemnul
Zin
The Shining One
Beogh
Jiyva
Lugonu


Innate Abilities, Weirdness & Mutations

Your body sometimes deteriorates upon taking damage.


Message History

Casting: Lehudib's Crystal Spear (dangerous; 1% risk of failure)
Confirm with . or Enter, or press ? or * to list all spells.
Aiming: Lehudib's Crystal Spear (dangerous; 1% risk of failure)
Press: ? - help, Shift-Dir - straight line, f - orb of fire
Aim: an orb of fire (63% to hit)
The crystal spear hits the orb of fire!!!
The orb of fire is moderately damaged.
The orb of fire glows red.
Strange energies course through your body.
You feel yourself wasting away.
Casting: Lehudib's Crystal Spear (dangerous; 1% risk of failure)
Confirm with . or Enter, or press ? or * to list all spells.
Aiming: Lehudib's Crystal Spear (dangerous; 1% risk of failure)
Press: ? - help, Shift-Dir - straight line, f/p - orb of fire
Aim: an orb of fire (moderately damaged, 63% to hit)
The crystal spear misses the orb of fire.
Unknown command.
Casting: Lehudib's Crystal Spear (dangerous; 1% risk of failure)
Confirm with . or Enter, or press ? or * to list all spells.
Aiming: Lehudib's Crystal Spear (dangerous; 1% risk of failure)
Press: ? - help, Shift-Dir - straight line, f/p - orb of fire
Aim: an orb of fire (moderately damaged, 63% to hit)
The crystal spear hits the orb of fire!!!!
The orb of fire is severely damaged.
The orb of fire glows bright magenta.
The fireball explodes!
The fireball engulfs you!! You resist.
The fireball engulfs the orb of fire.
The orb of fire completely resists.
The orb of fire glows deep purple.
The fireball explodes!
The fireball engulfs you!!! You resist.
The fireball engulfs the orb of fire.
The orb of fire completely resists.
Unknown command.
Casting: Lehudib's Crystal Spear (dangerous; 1% risk of failure)
Confirm with . or Enter, or press ? or * to list all spells.
Aiming: Lehudib's Crystal Spear (dangerous; 1% risk of failure)
Press: ? - help, Shift-Dir - straight line, f/p - orb of fire
Aim: an orb of fire (severely damaged, 63% to hit)
The crystal spear misses the orb of fire.
The orb of fire glows bright magenta.
The fireball explodes!
The fireball engulfs you!! You resist.
You die...

# # # # # # ### ### ### ### #
#+.###.###.###.###.###
#...*@..'...'.).'...##
#+.##[.##'.##'.##).##)
#.###.###.###.##'') ## ## ## ##
####
##############################
..##.....#.....#..#....'...)#))##
..##.....#.....#..#....#..[)#))##
..##..#''#''#''#''######'##'#))##
..#.........................#))##


You could see an orb of fire.

Vanquished Creatures
  3 pandemonium lords (D)
  An orb of fire (D)
  A curse toe (D)
  Nikola (D)
  A golden dragon (D)
  A Brimstone Fiend (D)
  3 Tzitzimimeh (D)
  2 tentacled monstrosities (D)
  2 Ice Fiends (D)
  2 liches (D)
  A titan (D)
  3 deep elf blademasters (D)
  2 quicksilver dragons (D)
  Murray (D)
  An acid blob (D)
  2 Executioners (D)
  3 sphinxes (D)
  A death cob (D)
  2 shadow dragons (D)
  A rockslime (D)
  3 nagarajas (D)
  A deep elf sorcerer (D)
  A frost giant (D)
  A draconian scorcher (D)
  A draconian knight (D)
  A cacodemon (D)
  2 orc warlords (D)
  A ghost moth (D)
  A balrug (D)
  A draconian shifter (D)
  A spriggan defender (D)
  A draconian stormcaller (D)
  2 emperor scorpions (D)
  An apis (D)
  A black draconian (D)
  A lorocyproca (D)
  2 red draconians (D)
  2 deep elf demonologists (D)
  A yellow draconian (D)
  A purple draconian (D)
  2 deep elf death magi (D)
  2 yaktaur captains (D)
  An eidolon (D)
  2 deep elf high priests (D)
  2 mummy priests (D)
  A great orb of eyes (D)
  A hydra (D)
  A fire dragon (D)
  A naga warrior (D)
  3 vault guards (D)
  A boulder beetle (D)
  A spriggan air mage (D)
  An alligator snapping turtle (D)
  An anaconda (D)
  A merfolk avatar (D)
  3 ogre magi (D)
  A centaur warrior (D)
  A deep troll shaman (D)
  2 death knights (D)
  A two-headed ogre (D)
  5 vampire magi (D)
  A spriggan berserker (D)
  7 hell knights (D)
  4 hell hogs (D)
  Sonja (D)
  A deep elf knight (D)
  A sun demon (D)
  A cherub (D)
  A flayed ghost (D)
  A deep troll (D)
  Pikel (D)
  4 swamp dragons (D)
  11 orc knights (D)
  3 deep elf pyromancers (D)
  9 harpies (D)
  A necromancer (D)
  A deep elf zephyrmancer (D)
  An orc sorcerer (D)
  A manticore (D)
  A cyclops (D)
  An eye of devastation (D)
  A molten gargoyle (D)
  2 naga magi (D)
  An orange demon (D)
  2 smoke demons (D)
  A hellion (D)
  A torpor snail (shapeshifter) (D)
  An efreet (D)
  A tormentor (D)
  3 yaktaurs (D)
  2 ice devils (D)
  2 kobold demonologists (D)
  A freezing wraith (D)
  A guardian mummy (D)
  A jumping spider (D)
  2 red devils (D)
  3 demonic crawlers (D)
  Grinder (D)
  2 wind drakes (D)
  4 blink frogs (D)
  A snapping turtle (D)
  3 redbacks (D)
  A tarantella (D)
  A water elemental (D)
  A large abomination (D)
  2 wyverns (D)
  7 yaks (D)
  A ynoxinul (D)
  A wraith (D)
  A basilisk (D)
  3 golden eyes (D)
  2 steam dragons (D)
  7 vampire mosquitoes (D)
  A warg (D)
  A small abomination (D)
  A floating eye (D)
  3 hell hounds (D)
  Duvessa (D)
  A swamp drake (D)
  Purgy (D)
  4 orc warriors (D)
  2 centaurs (D)
  An ogre (D)
  3 lemures (D)
  A kobold brigand (D)
  A bullfrog (D)
  Dowan (D)
  An iron imp (D)
  A jelly (D)
  A gnoll shaman (D)
  2 orc priests (D)
  An iguana (D)
  2 orc wizards (D)
  4 gnolls (D)
  An adder (D)
  An ufetubus (D)
  3 worms (D)
  6 orcs (D)
  A ball python (D)
  An endoplasm (D)
  2 giant cockroaches (D)
  A goblin (D)
  2 quokkas (D)
  A ball python skeleton (D)
  A giant cockroach simulacrum (D)
  A giant cockroach zombie (D)
  A jackal simulacrum (D)
  A jackal zombie (D)
  3 kobolds (D)
  A quokka skeleton (D)
270 creatures vanquished.

Vanquished Creatures (collateral kills)
  An orc warlord (D)
  A vault guard (D)
  A catoblepas (D)
3 creatures vanquished.

Vanquished Creatures (others)
  An orc priest (D)
  3 foxfires (D)
4 creatures vanquished.

Grand Total: 277 creatures vanquished

Notes
Turn   | Place    | Note
-------+----------+-------------------------------------------
     0 | D        | mhtbhm the Deep Elf Earth Elementalist began the quest for
                  | the Orb.
     0 | D        | Reached XP level 1. HP: 10/10 MP: 6/6
    16 | D        | Found a bloodstained altar of Trog.
    16 | D        | Found a shimmering blue altar of Sif Muna.
    16 | D        | Found a viscous altar of Jiyva.
    16 | D        | Found a hazy altar of Hepliaklqana.
    16 | D        | Found an opulent altar of Gozag.
    17 | D        | Found a glowing golden altar of the Shining One.
    17 | D        | Found a glowing silver altar of Zin.
    17 | D        | Found a basalt altar of Yredelemnul.
    17 | D        | Found a shimmering altar of Xom.
    17 | D        | Found an ornate altar of the Wu Jian Council.
    17 | D        | Found a sacrificial altar of Ru.
    17 | D        | Found a stormy altar of Qazlal.
    17 | D        | Found an iron altar of Okawaru.
    17 | D        | Found a sparkling altar of Nemelex Xobeh.
    17 | D        | Found a burning altar of Makhleb.
    17 | D        | Found a blossoming altar of Fedhas.
    17 | D        | Found a white marble altar of Elyvilon.
    17 | D        | Found a shadowy altar of Dithmenos.
    17 | D        | Found a snail-covered altar of Cheibriados.
    20 | D        | Found a corrupted altar of Lugonu.
    20 | D        | Found a radiant altar of Vehumet.
    21 | D        | Found an ancient bone altar of Kikubaaqudgha.
    21 | D        | Found a hide-covered altar of Uskayaw.
    21 | D        | Found a broken altar of Ashenzari.
    31 | D        | Became a worshipper of Vehumet
   136 | D        | Reached * piety under Vehumet
   136 | D        | Offered knowledge of Foxfire by Vehumet.
   137 | D        | Reached XP level 2. HP: 4/15 MP: 5/9
   139 | D        | Reached skill level 5 in Earth Magic
   350 | D        | Learned a level 1 spell: Foxfire
   352 | D        | Reached ** piety under Vehumet
   352 | D        | Offered knowledge of Shock by Vehumet.
   399 | D        | Noticed a floating eye
   401 | D        | Killed a floating eye
   402 | D        | Reached XP level 3. HP: 19/19 MP: 8/14
   402 | D        | Reached XP level 4. HP: 24/24 MP: 9/16
   558 | D        | Learned a level 3 spell: Stone Arrow
   602 | D        | Noticed an orc warrior
   604 | D        | Offered knowledge of Poisonous Vapours by Vehumet.
   604 | D        | Reached *** piety under Vehumet
   606 | D        | Reached skill level 1 in Conjurations
   606 | D        | Reached XP level 5. HP: 28/28 MP: 15/18
   606 | D        | Noticed an orc warrior
   619 | D        | Killed an orc warrior
   620 | D        | Reached skill level 5 in Stealth
   620 | D        | Reached skill level 10 in Spellcasting
   620 | D        | Reached skill level 1 in Fire Magic
   621 | D        | Reached XP level 6. HP: 24/32 MP: 14/21
   622 | D        | Reached **** piety under Vehumet
   687 | D        | Killed an orc warrior
   688 | D        | Reached skill level 10 in Earth Magic
   744 | D        | Reached ***** piety under Vehumet
   860 | D        | Learned a level 5 spell: Lee's Rapid Deconstruction
   865 | D        | Learned a level 4 spell: Petrify
   871 | D        | Offered knowledge of Inner Flame by Vehumet.
   878 | D        | Learned a level 3 spell: Inner Flame
   878 | D        | Noticed a demonic crawler
   917 | D        | Killed a demonic crawler
   917 | D        | Offered knowledge of Sticky Flame by Vehumet.
   918 | D        | Reached skill level 5 in Dodging
   918 | D        | Reached XP level 7. HP: 10/37 MP: 4/25
  1136 | D        | Noticed Grinder
  1137 | D        | Offered knowledge of Fireball by Vehumet.
  1138 | D        | Killed Grinder
  1274 | D        | Learned a level 5 spell: Fireball
  1278 | D        | Noticed a deep troll
  1278 | D        | Noticed a vampire mosquito
  1278 | D        | Noticed a vampire mosquito
  1278 | D        | Noticed a vampire mosquito
  1278 | D        | Noticed a vampire mosquito
  1279 | D        | Killed a vampire mosquito
  1280 | D        | Reached skill level 1 in Fighting
  1280 | D        | Reached XP level 8. HP: 29/43 MP: 22/28
  1283 | D        | Reached skill level 15 in Spellcasting
  1283 | D        | Killed a deep troll
  1284 | D        | Reached XP level 9. HP: 32/48 MP: 14/31
  1408 | D        | Got the +2 dire flail of Tajuajecs {vamp, rN+ Str+2 Dex+3
                  | Stlth+}
  1476 | D        | Noticed a two-headed ogre
  1477 | D        | Killed Purgy
  1478 | D        | Killed a two-headed ogre
  1478 | D        | Offered knowledge of Iron Shot by Vehumet.
  1487 | D        | Learned a level 6 spell: Iron Shot
  1500 | D        | Reached skill level 15 in Earth Magic
  1567 | D        | Noticed an ice devil
  1572 | D        | Killed an ice devil
  1850 | D        | Noticed Pikel
  1850 | D        | Noticed a deep elf pyromancer
  1853 | D        | Killed a deep elf pyromancer
  1856 | D        | Killed Pikel
  1857 | D        | Reached skill level 1 in Hexes
  1857 | D        | Reached XP level 10. HP: 53/53 MP: 24/34
  1920 | D        | Noticed a deep elf pyromancer
  1921 | D        | Offered knowledge of Lightning Bolt by Vehumet.
  1921 | D        | Killed a deep elf pyromancer
  1922 | D        | Reached ****** piety under Vehumet
  1924 | D        | Noticed an emperor scorpion
  2079 | D        | Killed an emperor scorpion
  2273 | D        | Noticed a centaur warrior
  2276 | D        | Killed a centaur warrior
  2276 | D        | Offered knowledge of Orb of Destruction by Vehumet.
  2414 | D        | Noticed an orc sorcerer
  2421 | D        | Killed an orc sorcerer
  2440 | D        | Noticed Sonja
  2444 | D        | Killed Sonja
  2445 | D        | Reached XP level 11. HP: 58/58 MP: 24/38
  2504 | D        | Noticed Duvessa
  2507 | D        | Offered knowledge of Starburst by Vehumet.
  2507 | D        | Noticed Dowan
  2507 | D        | Noticed an alligator snapping turtle
  2510 | D        | Killed Duvessa
  2512 | D        | Killed Dowan
  2522 | D        | Killed an alligator snapping turtle
  2774 | D        | Got the Volume of the Sinister Arsonist
  2856 | D        | Offered knowledge of Eringya's Noxious Bog by Vehumet.
  2874 | D        | Noticed a harpy
  2875 | D        | Killed a harpy
  2875 | D        | Noticed a harpy
  2876 | D        | Killed a harpy
  2876 | D        | Noticed a harpy
  2877 | D        | Killed a harpy
  2966 | D        | Noticed a harpy
  2967 | D        | Killed a harpy
  2973 | D        | Noticed a flayed ghost
  2975 | D        | Killed a flayed ghost
  2990 | D        | Noticed a harpy
  2992 | D        | Killed a harpy
  2993 | D        | Reached XP level 12. HP: 63/63 MP: 26/41
  3088 | D        | Noticed a vampire mage
  3091 | D        | Killed a vampire mage
  3091 | D        | Offered knowledge of Spellforged Servitor by Vehumet.
  3164 | D        | Noticed a boulder beetle
  3170 | D        | Killed a boulder beetle
  3306 | D        | Learned a level 7 spell: Spellforged Servitor
  3307 | D        | Noticed a merfolk avatar
  3307 | D        | Noticed a deep elf sorcerer
  3307 | D        | Noticed a spriggan defender
  3312 | D        | Killed a deep elf sorcerer
  3312 | D        | Noticed a mummy priest
  3313 | D        | Killed a mummy priest
  3313 | D        | Offered knowledge of Lehudib's Crystal Spear by Vehumet.
  3313 | D        | Offered knowledge of Shatter by Vehumet.
  3313 | D        | Offered knowledge of Ignition by Vehumet.
  3314 | D        | Killed a merfolk avatar
  3314 | D        | Noticed an anaconda
  3315 | D        | Killed a spriggan defender
  3316 | D        | Killed an anaconda
  3454 | D        | Learned a level 8 spell: Lehudib's Crystal Spear
  3464 | D        | Learned a level 9 spell: Shatter
  3473 | D        | Learned a level 8 spell: Ignition
  3514 | D        | Noticed a five-headed hydra
  3516 | D        | Killed a five-headed hydra
  3523 | D        | Noticed a titan
  3524 | D        | Noticed a great orb of eyes
  3526 | D        | Killed a great orb of eyes
  3526 | D        | Noticed an emperor scorpion
  3528 | D        | Killed a titan
  3528 | D        | Killed an emperor scorpion
  3529 | D        | Reached XP level 13. HP: 68/68 MP: 23/45
  3530 | D        | Identified the ring of Emaixash {rC+ Dex+6}
  3530 | D        | Noticed a frost giant
  3532 | D        | Killed a frost giant
  3539 | D        | Reached skill level 27 in Spellcasting
  4128 | D        | Noticed a Tzitzimitl
  4130 | D        | Killed a Tzitzimitl
  4176 | D        | Noticed a purple draconian scorcher
  4178 | D        | Killed a purple draconian scorcher
  4179 | D        | Reached skill level 10 in Fire Magic
  4354 | D        | Noticed a death cob
  4367 | D        | Killed a death cob
  4438 | D        | Noticed an orc warlord
  4439 | D        | Noticed an orc warlord
  4453 | D        | Reached skill level 5 in Conjurations
  4453 | D        | Killed an orc warlord
  4460 | D        | Killed an orc warlord
  4461 | D        | Reached skill level 1 in Summonings
  4463 | D        | Reached XP level 14. HP: 48/72 MP: 27/47
  4688 | D        | Reached skill level 27 in Earth Magic
  4879 | D        | Noticed a deep elf blademaster
  4880 | D        | Reached skill level 5 in Transmutations
  4881 | D        | Killed a deep elf blademaster
  4882 | D        | Reached skill level 1 in Evocations
  4899 | D        | Reached skill level 15 in Fire Magic
  5134 | D        | Found the +13 scythe of Curses {drain, Drain}
  5167 | D        | Got the +0 executioner's axe "Taheifim" {pain, rElec rPois
                  | Will+ rCorr Str-3}
  5361 | D        | Noticed a lich
  5362 | D        | Noticed a sphinx
  5364 | D        | Killed a sphinx
  5364 | D        | Killed a lich
  5365 | D        | Reached skill level 5 in Evocations
  5367 | D        | Noticed a sphinx
  5368 | D        | Killed a nagaraja
  5370 | D        | Killed a sphinx
  5376 | D        | Noticed a black draconian shifter
  5377 | D        | Killed a yellow draconian knight
  5378 | D        | Reached XP level 15. HP: 76/76 MP: 43/48
  5379 | D        | Killed a black draconian shifter
  5385 | D        | Noticed a tentacled monstrosity
  5388 | D        | Killed a tentacled monstrosity
  5530 | D        | Got the ring of Pegapadi {Drain rPois rF+ Will++ SInv}
  5532 | D        | Got the amulet "Nepoehefy" {RegenMP Harm *Corrode Str+4}
  5534 | D        | Got the amulet "Fiutyu Wanats" {Reflect rN+ Int+4 SH+5}
  5536 | D        | Got the ring of False Pretenses {*Slow rPois Will+++ Str-5
                  | Dex+4}
  5538 | D        | Got the ring of Ethoa {rElec rC+ Will+ Int+4 SInv}
  5540 | D        | Got the ring of the Fool {rPois Str+6 Slay-5}
  5542 | D        | Got the ring of the Immovable Mystics {rPois rF+ Str+6
                  | Stlth+}
  5544 | D        | Got the ring "Haipn" {rF+ EV+6 Int+5}
  5546 | D        | Got the ring of Ceanua {Ice rN+ Will++ Int-2}
  5548 | D        | Got the ring of Jitiev {*Slow rC+ rN+ Will+ rCorr}
  5552 | D        | Got the ring of Nuked {rC+ Str+4 Dex+4}
  5554 | D        | Got the ring "Ejoick" {rF+ Will- rCorr EV+6 Str+3}
  5558 | D        | Got the amulet of Paranoia {Spirit rPois rC+ Will- Int+5}
  5560 | D        | Got the amulet "Qaituywa" {rPois Regen+ Str+3}
  5562 | D        | Got the ring of Jealousy {rF+ Str+6}
  5583 | D        | Got Leczes's Almanac of the Birds and Contamination
  5607 | D        | Got the Almanac of Ignition and Cold
  5684 | D        | Got the ring "Banaf" {rF+++ Will+ Int-2 Dex-2 Slay+5}
  5686 | D        | Got the amulet of Lijosch {Reflect +Blink Int+2 Slay+2
                  | SH+5}
  5688 | D        | Got the amulet of Autumn {-Cast Fly rC+ Regen+}
  5690 | D        | Got the ring "Yvamnenk" {rElec rF+ Str+4 Stlth+}
  5694 | D        | Got the amulet "Axunt" {Reflect Dex+3 Slay+3 SH+5}
  5710 | D        | Got the amulet of Ru's Benevolence {Spirit rElec rN+ Dex+7}
  5712 | D        | Got the amulet "Beipno" {Reflect *Corrode Regen+ Slay+3
                  | SH+5}
  5777 | D        | Noticed an orb of fire
  5897 | D        | Noticed a ghost moth
  5902 | D        | Killed a ghost moth
  6053 | D        | Noticed a tentacled monstrosity
  6053 | D        | Noticed an Executioner
  6056 | D        | Killed a tentacled monstrosity
  6056 | D        | Noticed an acid blob
  6057 | D        | Killed an Executioner
  6057 | D        | Noticed a deep elf blademaster
  6058 | D        | Reached skill level 10 in Evocations
  6059 | D        | Reached skill level 10 in Conjurations
  6059 | D        | Killed an acid blob
  6059 | D        | Killed a deep elf blademaster
  6060 | D        | Killed an Executioner
  6060 | D        | Noticed a lich
  6064 | D        | Killed a lich
  6064 | D        | Noticed a shadow dragon
  6070 | D        | Noticed a Tzitzimitl
  6078 | D        | Killed a shadow dragon
  6082 | D        | Killed a Tzitzimitl
  6211 | D        | Noticed a nagaraja
  6215 | D        | Killed a nagaraja
  6216 | D        | Reached XP level 16. HP: 59/81 MP: 39/49
  6348 | D        | Noticed a curse toe
  6354 | D        | Killed a curse toe
  6567 | D        | Reached skill level 10 in Stealth
  6567 | D        | Reached skill level 27 in Fire Magic
  6825 | D        | Found the +8 demon blade "Leech" {vamp, *Rage +Rage rN+}
  6845 | D        | Got the +2 cloak of Neemig {rN+}
  6896 | D        | Noticed a golden dragon
  6900 | D        | Reached skill level 10 in Transmutations
  6901 | D        | Killed a golden dragon
  6902 | D        | Reached skill level 10 in Dodging
  6902 | D        | Reached skill level 15 in Evocations
  6903 | D        | Noticed a shadow dragon
  6904 | D        | Killed a shadow dragon
  6956 | D        | Got the ring "Uptimuth" {rPois Will- rCorr Dex+7 SInv}
  6958 | D        | Got the ring "Badohang" {rC+++ rN+ EV+4 Str+4}
  6960 | D        | Got the ring "Nyulut" {rF+ rCorr}
  6962 | D        | Got the amulet of Cauxux {Spirit Int+4}
  6964 | D        | Got the ring "Zewocado" {Will+ rCorr}
  6966 | D        | Got the ring of the Griffon {rElec Will+}
  6968 | D        | Got the ring "Urateoru" {Fire SInv}
  6970 | D        | Got the ring of Daysir {rF+ Will+ Dex+3}
  7071 | D        | Killed an orb of fire
  7129 | D        | Noticed a quicksilver dragon
  7132 | D        | Killed a quicksilver dragon
  7227 | D        | Noticed a deep elf blademaster
  7227 | D        | Noticed an Ice Fiend
  7227 | D        | Noticed a sphinx
  7227 | D        | Noticed Zosykhlu the pandemonium lord
  7228 | D        | Killed an Ice Fiend
  7228 | D        | Killed a sphinx
  7228 | D        | Killed a deep elf blademaster
  7229 | D        | Reached skill level 15 in Conjurations
  7234 | D        | Killed Zosykhlu the pandemonium lord
  7366 | D        | Noticed Irghaego the pandemonium lord
  7368 | D        | Killed Irghaego the pandemonium lord
  7411 | D        | Noticed Nikola
  7416 | D        | Killed Nikola
  7576 | D        | Noticed an Ice Fiend
  7587 | D        | Killed an Ice Fiend
  7588 | D        | Reached XP level 17. HP: 40/88 MP: 18/50
  7813 | D        | Noticed Murray
  7817 | D        | Killed Murray
  8124 | D        | Noticed Jisuup the pandemonium lord
  8128 | D        | Killed Jisuup the pandemonium lord
  8129 | D        | Reached skill level 15 in Stealth
  8284 | D        | Noticed a Brimstone Fiend
  8286 | D        | Killed a Brimstone Fiend
  8287 | D        | Reached skill level 15 in Dodging
  8355 | D        | Noticed a Tzitzimitl
  8357 | D        | Killed a Tzitzimitl
  8390 | D        | Noticed a quicksilver dragon
  8392 | D        | Killed a quicksilver dragon
  8427 | D        | Noticed an orb of fire
  8428 | D        | Gained mutation: Your body sometimes deteriorates upon
                  | taking damage. [an orb of fire]
  8431 | D        | Killed from afar by an orb of fire

Illustrated notes

Levels and vault maps discovered:
D:        pitsprint [storerooms_1, entrance_room_1, metal_vault_6, armoury_2,
          mini_pit_1, grid_room_1, main_hall_1, silver_pit, the_coven_2,
          the_vestibule_1, steel_vault_4, golden_pit, hallway_of_sentries,
          crystal_vault_4, iron_vault_3, final_vault]

Skill      XL: |  1  2  3  4  5  6  7  8  9 10 11 12 13 14 15 16 17 |
---------------+----------------------------------------------------+-----
Stealth        | 3 4 5 6 9 14 17 | 17.2
Spellcasting   | 4 8 10 13 14 16 18 21 23 26 27 | 27.0
Earth Magic    | 4 7 8 9 11 12 13 16 18 20 23 26 27 | 27.0
Dodging        | 4 5 6 7 9 13 15 | 15.3
Conjurations   | 1 2 3 4 5 8 11 17 20 | 20.3
Fire Magic     | 1 2 6 11 20 25 27 | 27.0
Fighting       | 1 2 4 |  4.3
Hexes          | 1 2 3 |  3.6
Transmutations | 3 4 6 9 12 | 12.7
Summonings     | 1 2 |  2.2
Evocations     | 7 13 19 20 | 20.0

Action                   |  1- 3 |  4- 6 |  7- 9 | 10-12 | 13-15 | 16-18 || total
-------------------------+-------+-------+-------+-------+-------+-------++-------
 Cast: Sandblast         |    14 |    13 |       |     7 |     5 |       ||    39
       Foxfire           |     3 |     3 |       |       |       |       ||     6
       Stone Arrow       |       |     6 |     1 |     1 |     4 |       ||    12
       Lee's Rapid Decon |       |     4 |    19 |    80 |    99 |    28 ||   230
       Petrify           |       |       |     1 |    10 |     3 |       ||    14
       Inner Flame       |       |       |     1 |       |     2 |       ||     3
       Iron Shot         |       |       |       |     1 |     1 |     2 ||     4
       Lehudib's Crystal |       |       |       |       |     5 |    31 ||    36
       Spellforged Servi |       |       |       |       |     2 |     1 ||     3
       Ignition          |       |       |       |       |     2 |     7 ||     9
       Shatter           |       |       |       |       |     7 |       ||     7
       Fireball          |       |       |       |       |     1 |       ||     1
Evoke: Lightning rod     |       |       |       |       |     3 |       ||     3
       Box of beasts     |       |       |       |       |     1 |       ||     1
       Phial of floods   |       |       |       |       |     1 |       ||     1
  Use: Potion            |       |     2 |       |     2 |     3 |     2 ||     9
       Scroll            |       |       |       |     1 |       |     1 ||     2
Armor: Robe              |       |     2 |       |       |     1 |     2 ||     5
Dodge: Dodged            |     4 |     9 |     1 |     9 |    12 |    12 ||    47
Block: Other             |       |       |       |       |     1 |       ||     1

Table legend: (Time is in decaauts)
 A = Elapsed time spent in this place.
 B = Non-inter-level travel time spent in this place.
 C = Inter-level travel time spent in this place.
 D = Time resting spent in this place.
 E = Time spent auto-exploring this place.
 F = Levels seen in this place.
 G = Mean time per level.
                   A        B        C        D        E       F      G
               +--------+--------+--------+--------+--------+-----+--------+
         Total |   8387 |   8375 |     12 |   5624 |     62 |   1 | 8387.0 |
       Dungeon |   8387 |   8375 |     12 |   5624 |     62 |   1 | 8387.0 |
               +--------+--------+--------+--------+--------+-----+--------+

Top non-repeatable levels by time:
       D: 8387 daAuts
